 Dungeon Crawl Stone Soup version 0.30-a0-1043-g60ff8d5f49 (webtiles) character file.

Game seed: 5414652357652953538

1983 BlueFish the Covert (level 9, -2/87 HPs)
             Began as an Octopode Warper on Apr 10, 2023.
             Was a Follower of Cheibriados.
             Slain by a white imp (4 damage)
             ... on level 7 of the Dungeon.
             The game lasted 00:19:00 (8935 turns).

BlueFish the Covert (Octopode Warper)               Turns: 8935, Time: 00:19:01

Health: -2/87      AC: 24    Str: 22    XL:     9   Next: 20%
Magic:  12/15      EV:  2    Int: 17    God:    Cheibriados [*.....]
Gold:   316        SH:  5    Dex: 14    Spells: 4/16 levels left

rFire   + . .      SeeInvis .      - Unarmed
rCold   . . .      Faith    .    (no shield)
rNeg    . . .      Spirit   .    (helmet currently unavailable)
rPois   +          Reflect  +    q - amulet of reflection
rElec   .          Rampage  .    x - +6 ring of strength
rCorr   .          NoTele   +    r - ring of flight
Will    .....                    d - ring of protection from fire
Stlth   ++++                     (no ring)
HPRegen 0.34/turn                (no ring)
MPRegen 0.14/turn                (no ring)
                                 (no ring)
                                 (no ring)

@: tree-form, very slow
A: stationary, stasis, torment immunity, boosted hp, almost no armour,
(amphibious), 8 rings, (camouflage 1), (gelatinous body 1), (nimble swimmer 1),
(tentacles)
a: Renounce Religion, Bend Time


You were on level 7 of the Dungeon.
You worshipped Cheibriados.
Cheibriados was aware of your devotion.
You were a tree.
You visited 2 branches of the dungeon, and saw 8 of its levels.
You also visited: Ossuary.

You collected 316 gold pieces.

Inventory:

Missiles
 b - 6 boomerangs of dispersal
 u - 27 stones (quivered)
 w - 3 boomerangs
 D - 2 throwing nets
Jewellery
 d - a ring of protection from fire (on tentacle)
 q - an amulet of reflection (around neck)
 r - a ring of flight (right branch)
 x - a +6 ring of strength (left branch)
Wands
 k - a wand of charming (10)
Scrolls
 c - 4 scrolls of enchant armour
 f - a scroll of immolation {unknown}
 g - 3 scrolls of vulnerability
 h - a scroll of poison
 j - 2 scrolls of teleportation
 l - 2 scrolls of amnesia {unknown}
 o - a scroll of noise {unknown}
 y - a scroll of torment {unknown}
 B - 2 scrolls of identify
 C - 2 scrolls of magic mapping {unknown}
 E - 2 scrolls of fog {unknown}
Potions
 e - 2 potions of attraction
 i - 4 potions of mutation
 m - 3 potions of curing
 n - a potion of haste
 p - a potion of flight
 s - 3 potions of resistance
 t - 2 potions of brilliance
 v - a potion of might {unknown}
 z - a potion of lignification
 F - a potion of magic {unknown}


   Skills:
 + Level 4.3 Fighting
 + Level 3.9 Throwing
 + Level 4.4 Dodging
 * Level 8.2 Stealth
 + Level 4.3 Unarmed Combat
 + Level 4.0 Spellcasting
 + Level 4.9 Translocations
 * Level 1.0 Transmutations
 + Level 2.9 Invocations
 + Level 0.8 Evocations


You had 4 spell levels left.
You knew the following spells:

 Your Spells              Type           Power      Damage    Failure   Level
a - Blink                 Tloc           40%        N/A       3%          2
b - Lesser Beckoning      Tloc           40%        N/A       3%          2
c - Teleport Other        Tloc           20%        N/A       6%          3
d - Blade Hands           Tmut           3%         N/A       95%         5

Your spell library contained the following spells:

 Spells                   Type           Power      Damage    Failure   Level
 Gell's Gravitas          Tloc           20%        N/A       6%          3
 Vhi's Electric Charge    Tloc/Air       22%        N/A       17%         3
 Manifold Assault         Tloc           20%        N/A       21%         4
 Iron Shot                Conj/Erth      1%         9d1       100%        6
 Animate Armour           Summ/Erth      Unusable   N/A       N/A         4

Dungeon Overview and Level Annotations

Branches:
Dungeon (7/15)             Temple (1/1) D:5         Ossuary (visited)

Altars:
Ashenzari
Cheibriados
Dithmenos
Fedhas
Gozag
Kikubaaqudgha
Makhleb
Nemelex Xobeh
Okawaru
Qazlal
Ru
Sif Muna
Trog
Uskayaw
Vehumet
Wu Jian
Xom
Zin
The Shining One

Annotations:
D:2 Sigmund
D:7 exclusion: troll


Innate Abilities, Weirdness & Mutations

You are a tree.
Your roots penetrate the ground, keeping you stationary.
You cannot be teleported.
You are immune to unholy pain and torment.
Your maximum health is greatly increased.
You cannot wear most types of armour.
((You are amphibious.))
You can wear up to eight rings at the same time.
((Your skin changes colour to match your surroundings (Stealth+).))
((Your rubbery body absorbs attacks. (AC +1, EV +1)))
((You are camouflaged when in or above water. (Stealth+)))
((You have tentacles for arms and can constrict up to eight enemies at once.))


Message History

The wyvern misses you.
You tentacle-slap the wyvern.
The wyvern is lightly wounded.
The wyvern bites you!
* * * LOW HITPOINT WARNING * * *
The wyvern completely misses you.
You tentacle-slap the wyvern. Your squeeze misses the wyvern.
The wyvern is moderately wounded.
You block the wyvern's attack.
You barely miss the wyvern. You squeeze the wyvern!
The wyvern is heavily wounded.
The wyvern bites you!
* * * LOW HITPOINT WARNING * * *
Really quaff the potion of lignification?
You turn into a tree.
Your roots penetrate the ground.
The wyvern bites you but does no damage.
The wyvern bites you.
* * * LOW HITPOINT WARNING * * *
The white imp shouts, "Back with thee, thou vain beetle-headed clack-dish!"
You hit the wyvern.
The wyvern is severely wounded.
The wyvern bites you but does no damage.
You smack the wyvern!
You kill the wyvern!
Cheibriados thoroughly appreciates the change of pace.
Your life force feels restored.
Your Spellcasting skill increases to level 4!
Your Transmutations skill increases to level 1!
Casting: Lesser Beckoning (safe; 3% risk of failure)
Confirm with . or Enter, or press ? or * to list all spells.
You can't see any susceptible monsters within range! (Use Z to cast anyway.)
Casting: Lesser Beckoning (safe; 3% risk of failure)
Confirm with . or Enter, or press ? or * to list all spells.
Aiming: Lesser Beckoning (safe; 3% risk of failure)
Press: ? - help, Shift-Dir - straight line, f - white imp
Aim: a white imp (100% to hit)
The white imp hurls suddenly forward!
The white imp hits you.
* * * LOW HITPOINT WARNING * * *
The white imp freezes you.
You die...

#...§.........z.....
#............#!...#
#............#....# ..
#............#....##..
#####...................
#....................
####....####............
#.....)[####............
#......♣..##............
##.......5.##............
#..........+.............
#..........#.............
#..........#.............
#..<.......#....#####....
#..........#....## T..
##...............###.....
#..................... .


You could see a white imp.

Vanquished Creatures
  Prince Ribbit (D:6)
  A wyvern (D:7)
  A sky beast (D:6)
  An ogre (D:5)
  A centaur (D:7)
  A phantom (D:6)
  A bullfrog (D:6)
  A gnoll sergeant (D:5)
  2 scorpions
  9 wights
  3 human zombies (Ossuary)
  An orc priest (D:6)
  A jelly (D:4)
  2 sleepcaps
  2 orc wizards
  3 iguanas (D:5)
  2 mummies (Ossuary)
  8 gnolls
  5 adders
  A white imp (D:6)
  2 adder zombies (Ossuary)
  2 worms
  2 dart slugs
  16 orcs
  5 bats
  5 endoplasms
  5 giant cockroaches
  7 goblins
  6 hobgoblins
  3 jackals (D:3)
  A quokka (D:3)
  8 ball pythons
  5 frilled lizards
  10 hobgoblin zombies (Ossuary)
  2 jackal zombies (Ossuary)
  6 kobolds
  12 kobold zombies (Ossuary)
  6 orc zombies (Ossuary)
  3 rats
  2 rat zombies (Ossuary)
  A bush (D:6)
156 creatures vanquished.

Vanquished Creatures (others)
  A bush (D:6)
  9 plants (D:4)
10 creatures vanquished.

Grand Total: 166 creatures vanquished

Notes
Turn   | Place    | Note
-------+----------+-------------------------------------------
     0 | D:1      | BlueFish the Octopode Warper began the quest for the Orb.
     0 | D:1      | Reached XP level 1. HP: 14/14 MP: 3/3
   167 | D:1      | Reached skill level 1 in Stealth
   168 | D:1      | Reached XP level 2. HP: 19/19 MP: 5/5
   753 | D:2      | Reached skill level 2 in Stealth
   753 | D:2      | Reached XP level 3. HP: 24/24 MP: 6/6
   756 | D:2      | Learned a level 2 spell: Blink
   759 | D:2      | Learned a level 2 spell: Lesser Beckoning
   939 | D:2      | Noticed Sigmund
  1758 | D:3      | Reached XP level 4. HP: 21/29 MP: 7/7
  1799 | D:3      | Learned a level 3 spell: Teleport Other
  2031 | D:3      | Reached skill level 3 in Stealth
  2066 | D:3      | Found an ancient bone altar of Kikubaaqudgha.
  2837 | D:4      | Found a sand-covered staircase.
  2846 | D:4      | Reached XP level 5. HP: 19/35 MP: 8/8
  2850 | Ossuary  | Entered an ossuary
  3226 | Ossuary  | Reached skill level 4 in Stealth
  3354 | Ossuary  | Reached XP level 6. HP: 10/41 MP: 9/9
  4562 | D:4      | Reached skill level 5 in Stealth
  4721 | D:5      | Entered Level 5 of the Dungeon
  4794 | D:5      | Reached XP level 7. HP: 19/46 MP: 8/11
  5131 | D:5      | Found a staircase to the Ecumenical Temple.
  5140 | Temple   | Entered the Ecumenical Temple
  5191 | Temple   | Became a worshipper of Cheibriados the Contemplative
  5838 | D:5      | Found a shimmering blue altar of Sif Muna.
  6174 | D:5      | Reached skill level 6 in Stealth
  6285 | D:6      | Reached skill level 1 in Invocations
  6661 | D:6      | Reached XP level 8. HP: 42/52 MP: 7/12
  6885 | D:6      | Noticed Prince Ribbit
  6896 | D:6      | Killed Prince Ribbit
  7000 | D:6      | Reached skill level 7 in Stealth
  7210 | D:6      | Reached * piety under Cheibriados
  8441 | D:7      | Noticed a troll
  8466 | D:7      | Reached XP level 9. HP: 21/56 MP: 14/14
  8473 | D:7      | Learned a level 5 spell: Blade Hands
  8602 | D:7      | Reached skill level 8 in Stealth
  8931 | D:7      | HP: 3/84 [wyvern (3)]
  8934 | D:7      | Reached skill level 1 in Transmutations
  8935 | D:7      | Slain by a white imp

Illustrated notes

Levels and vault maps discovered:
D:1:      lemuel_arrival_broad_hall, layout_basic, minmay_lizard_pond
D:2:      layout_basic, uniq_sigmund
D:3:      minmay_skewed_foursquare, layout_loops_corners,
          mainiacjoe_overflow_surrounded_room, minmay_misc_feat_columns,
          eino_curves_02
D:4:      layout_cave_pods, chequers_ossuary_entry_cave, serial_bayou,
          serial_bayou_shore_a, serial_bayou_ford_a, serial_bayou_crossing,
          serial_bayou_lake_a, roderic_serpentine_path
D:5:      layout_basic, kennysheep_orc_sif_temple, minmay_temple_entry_mist,
          hangedman_decor_diamond_cutter
D:6:      layout_cave_pools, minmay_hedge_maze, hangedman_decor_lopped,
          serial_park_tiny_1, uniq_prince_ribbit1
D:7:      layout_basic
Temple:   nicolae_temple_bog_church

Skill      XL: |  1  2  3  4  5  6  7  8  9 |
---------------+----------------------------+-----
Stealth        | 1 2 3 4 5 6 7 8 |  8.2
Throwing       | 2 3 |  3.9
Dodging        | 3 4 |  4.4
Fighting       | 3 4 |  4.3
Unarmed Combat | 3 4 |  4.3
Spellcasting   | 3 4 |  4.0
Translocations | 4 |  4.9
Invocations    | 1 2 |  2.9
Transmutations | 1 |  1.0
Evocations     | |  0.8

Action                     |  1- 3 |  4- 6 |  7- 9 || total
---------------------------+-------+-------+-------++-------
  Melee: Unarmed           |    83 |   199 |   236 ||   518
         Tentacles         |    18 |    46 |    75 ||   139
         Constrict         |    20 |    57 |    31 ||   108
         Punch             |     2 |     5 |     8 ||    15
  Throw: Dart              |     3 |       |    13 ||    16
         Stone             |       |     8 |    10 ||    18
         Boomerang         |       |     1 |    15 ||    16
   Cast: Lesser Beckoning  |       |     6 |    32 ||    38
         Blink             |       |       |     9 ||     9
         Teleport Other    |       |       |     1 ||     1
  Evoke: Wand              |       |       |     1 ||     1
    Use: Scroll            |       |       |    16 ||    16
         Potion            |       |       |     2 ||     2
   Stab: Sleeping          |     6 |    10 |     2 ||    18
 Armour: Skin              |     8 |     9 |     4 ||    21
  Dodge: Dodged            |    46 |    73 |    97 ||   216
  Block: Other             |       |    24 |    19 ||    43

Table legend: (Time is in decaauts)
 A = Elapsed time spent in this place.
 B = Non-inter-level travel time spent in this place.
 C = Inter-level travel time spent in this place.
 D = Time resting spent in this place.
 E = Time spent auto-exploring this place.
 F = Levels seen in this place.
 G = Mean time per level.
                   A        B        C        D        E       F      G
               +--------+--------+--------+--------+--------+-----+--------+
         Total |   9358 |   8856 |    502 |    469 |   6315 |   9 | 1039.8 |
       Dungeon |   8602 |   8100 |    502 |    469 |   5872 |   7 | 1228.9 |
        Temple |     69 |     69 |      0 |      0 |     34 |   1 |   69.0 |
       Ossuary |    686 |    686 |      0 |      0 |    409 |   1 |  686.0 |
               +--------+--------+--------+--------+--------+-----+--------+

Top non-repeatable levels by time:
     D:6: 2270 daAuts
     D:5: 1828 daAuts
     D:4: 1430 daAuts
     D:3: 1057 daAuts
     D:2: 810 daAuts
     D:1: 721 daAuts
 Ossuary: 686 daAuts
     D:7: 483 daAuts
  Temple: 69 daAuts
